 Dungeon Crawl Stone Soup version 0.23.2-32-g37ab1d4649 (webtiles) character file.

Game seed: 17609971343952690319

211 Mrkan the Ruffian (level 5, 0/53 HPs)
             Began as a Troll Monk on June 26, 2019.
             Slain by an ogre
             ... wielding a +0 giant club
              (3 damage)
             ... on level 4 of the Dungeon.
             The game lasted 00:04:44 (2724 turns).

Mrkan the Ruffian (Troll Monk)                      Turns: 2724, Time: 00:04:45

Health: 0/53       AC:  6    Str: 19    XL:     5   Next: 57%
Magic:  4/4        EV: 10    Int:  6    God:
Gold:   205        SH:  0    Dex: 13    Spells: 4/4 levels left

rFire    . . .     SeeInvis .     - Unarmed
rCold    . . .     Gourm    +   (no shield)
rNeg     . . .     Faith    .   a - +0 robe
rPois    .         Spirit   .   (helmet restricted)
rElec    .         Reflect  .   v - scarf {repulsion}
rCorr    .         Harm     .   (gloves unavailable)
MR       .....                  (boots unavailable)
Stlth    ++........             (no amulet)
HPRegen  0.57/turn              (no ring)
MPRegen  0.09/turn              (no ring)

@: repel missiles
A: large, unfitting armour, claws 3, fast metabolism 3, gourmand, regeneration
1, shaggy fur 1, tough skin 3
a: no special abilities


You were on level 4 of the Dungeon.
You were full.

You visited 1 branch of the dungeon, and saw 4 of its levels.

You collected 205 gold pieces.

Inventory:

Hand Weapons
 q - a +0 blowgun
Missiles
 j - 60 stones (quivered)
 p - 10 poisoned needles
Armour
 a - a +0 robe (worn)
 v - a scarf of repulsion (worn)
Jewellery
 k - an uncursed ring of flight {unknown}
 m - an uncursed amulet of magic regeneration {unknown}
Wands
 r - a wand of disintegration (12)
Scrolls
 d - 4 scrolls of teleportation {unknown}
 f - 6 scrolls of identify {unknown}
 g - 7 scrolls of remove curse {unknown}
 i - a scroll of fog {unknown}
 n - a scroll of fear {unknown}
 s - a scroll of amnesia {unknown}
 t - a scroll of enchant weapon {unknown}
Potions
 c - 3 potions of curing {unknown}
 e - 2 potions of agility {unknown}
 h - a potion of degeneration {unknown}
 l - a potion of mutation {unknown}
 o - a potion of haste {unknown}
 u - a potion of lignification {unknown}
Comestibles
 b - 15 rations


   Skills:
 + Level 3.5 Fighting
 - Level 2.4 Dodging
 - Level 1.0 Stealth
 * Level 5.5 Unarmed Combat


You had 4 spell levels left.
You didn't know any spells.
Your spell library contained the following spells:

 Spells                   Type           Power        Failure   Level  Hunger
 Confusing Touch          Hex            #.....       45%         1    ##.....
 Confuse                  Hex            #.......     83%         3    ####...
 Gell's Gravitas          Tloc           #.........   83%         3    ####...
 Petrify                  Tmut/Erth      #.......     99%         4    #####..
 Metabolic Englaciation   Hex/Ice        #.........   100%        5    ######.
 Yara's Violent Unravell  Hex/Tmut       #.........   100%        5    ######.


Dungeon Overview and Level Annotations

Branches:
Dungeon (4/15)
 Temple: D:4-7

Altars:


Innate Abilities, Weirdness & Mutations

You are too large for most types of armour.
You have claws for hands.
Your metabolism is lightning-fast.
You like to eat raw meat.
Your natural rate of healing is unusually fast.
You are covered in fur. (AC +1)
You have extremely tough skin. (AC +3)


Message History

You hear a howl!
There is a stone staircase leading down here.
You barely miss the gnoll. The gnoll hits you with a +0 spear!
The ogre hits you but does no damage.
You scratch the gnoll.
The gnoll is moderately wounded.
The gnoll hits you with a +0 spear. The ogre hits you with a +0 giant club!
You claw the gnoll!
You kill the gnoll!
You claw the orc!
You kill the orc!
The ogre barely misses you.
You see here a +0 club.
You barely miss the ogre.
The ogre hits you with a +0 giant club!!
* * * LOW HITPOINT WARNING * * *
You claw the ogre!
The ogre is heavily wounded.
The ogre hits you with a +0 giant club.
You die...

... ##. ...l
#.<
....###.##
.........###
...........
.....?...#
#<# #.# #@#
#O# #)# #>#
#)....#
........#
.##.#.##.#
#. .#.# . ..
#


You could see an ogre.

Vanquished Creatures
  A gnoll shaman (D:3)
  6 adders
  6 gnolls
  2 oozes
  2 dart slugs
  A leopard gecko (D:3)
  An orc (D:4)
  4 bats (D:1)
  3 giant cockroaches
  8 goblins
  4 hobgoblins
  4 jackals (D:1)
  5 kobolds
  A ball python (D:1)
  5 frilled lizards
  10 rats
63 creatures vanquished.

Notes
Turn   | Place    | Note
-------+----------+-------------------------------------------
     0 | D:1      | Mrkan the Troll Monk began the quest for the Orb.
     0 | D:1      | Reached XP level 1. HP: 22/22 MP: 0/0
   115 | D:1      | Reached XP level 2. HP: 29/29 MP: 1/1
   573 | D:1      | Reached XP level 3. HP: 36/36 MP: 2/2
   689 | D:1      | Reached skill level 4 in Unarmed Combat
  1904 | D:3      | Reached XP level 4. HP: 42/45 MP: 3/3
  2294 | D:3      | Reached skill level 5 in Unarmed Combat
  2295 | D:3      | Reached XP level 5. HP: 38/53 MP: 4/4
  2713 | D:4      | Noticed an ogre
  2723 | D:4      | HP: 2/53 [ogre/+0 giant club (25)]
  2724 | D:4      | Slain by an ogre

Skill      XL: |  1  2  3  4 |
---------------+-------------+-----
Unarmed Combat | 4 5 |  5.5
Fighting       | 3 |  3.5
Dodging        | |  2.4
Stealth        | |  1.0

Action                   |  1- 3 |  4- 6 || total
-------------------------+-------+-------++-------
Melee: Unarmed           |   127 |    72 ||   199
       Punch             |     2 |       ||     2
 Stab: Sleeping          |     1 |     2 ||     3
  Eat: Chunk             |    15 |    12 ||    27
Armor: Robe              |    66 |    18 ||    84
Dodge: Dodged            |    78 |    23 ||   101
